 Dungeon Sprint DCSS version bcrawl-1.15.1-4-g77d781cab4 (webtiles) character file.

Game seed: 17546050949886510925

5365 Groucho the Unseen (level 10, 0/49 HPs)
             Began as a Spriggan Enchanter on Oct 7, 2019.
             Was an Elder of Dithmenos.
             Slain by a crystal guardian (24 damage)
             ... in the Dungeon (Sprint II: "The Violet Keep of Menkaure").
             The game lasted 00:10:11 (952 turns).

Groucho the Unseen (Spriggan Enchanter)              Turns: 952, Time: 00:10:12

Health: 0/49       AC:  2    Str:  4    XL:     10   Next: 39%
Magic:  4/28       EV: 46    Int: 21    God:    Dithmenos [****..]
Gold:   355        SH:  0    Dex: 16    Spells: 23/35 levels left

rFire    . . .     SeeInvis +   a - +1 dagger
rCold    . . .     Gourm    .   (shield restricted)
rNeg     . . .     Faith    .   b - +0 robe
rPois    +         Spirit   .   (helmet restricted)
rElec    .         Reflect  .   (no cloak)
rCorr    .         Harm     .   (gloves unavailable)
MR       +....     NoTele   +   (boots unavailable)
Stlth    +++++++++.             l - amulet of the acrobat
HPRegen  0.16/turn              c - ring of poison resistance
MPRegen  0.21/turn              j - ring of flight

@: wreathed by umbra, very quick
A: very small, unfitting armour, see invisible, herbivore, speed 3, slow
metabolism 2
a: Shadow Step, Renounce Religion, Evoke Flight


You were in the Dungeon.
You worshipped Dithmenos.
Dithmenos was greatly pleased with you.
You were not hungry.

You visited 1 branch You collected 1053 gold pieces.
You spent 698 gold pieces at shops.

Inventory:

Hand Weapons
 a - a +1 dagger (weapon)
Armour
 b - a +0 robe (worn)
Jewellery
 c - a ring of poison resistance (left hand)
 j - a ring of flight (right hand)
 l - an amulet of the acrobat (around neck)
Scrolls
 d - a scroll of fog
 k - a scroll of blinking
 o - a scroll of remove curse
Potions
 e - a potion of curing
 h - a potion of ambrosia {unknown}
 i - a potion of magic
Comestibles
 f - 2 rations {!d}


   Skills:
 + Level 4.1 Fighting
 - Level 11.8 Short Blades
 + Level 15.3 Dodging
 + Level 16.8 Stealth
 + Level 13.3 Spellcasting
 + Level 13.4 Hexes


You had 23 spell levels left.
You knew the following spells:

 Your Spells              Type           Power        Failure   Level  Hunger
a - Corona                Hex            ######.      1%          1    None
b - Ensorcelled Hibernat  Hex/Ice        #####.       1%          2    None
c - Confuse               Hex            ######..     1%          3    None
d - Dazzling Spray        Conj/Hex       #####.       1%          3    None
e - Tukima's Dance        Hex            ######..     1%          3    None

Your spell library contained the following spells:

 Spells                   Type           Power        Failure   Level  Hunger


Dungeon Overview and Level Annotations

Branches:
Dungeon (1/1)

Altars:
Cheibriados
Dithmenos
Elyvilon
Fedhas
Gozag
Hepliaklqana
Kikubaaqudgha
Lugonu
Makhleb
Nemelex Xobeh
Okawaru
Qazlal
Ru
Sif Muna
Trog
Uskayaw
Vehumet
Wu Jian
Xom
Yredelemnul
Zin
The Shining One
Beogh
Jiyva

Shops:
D !:![}:[(!}==??=%

Annotations:
D exclusion: oklob plant


Innate Abilities, Weirdness & Mutations

You are very small and have problems with some larger weapons.
You are too small for most types of armour.
You have supernaturally acute eyesight. (SInv)
You are a herbivore.
You cover ground extremely quickly.
You need to consume almost no food.


Message History

Press: ? - help, Shift-Dir - straight line, f/p - crystal guardian
Aim: a crystal guardian (heavily damaged, umbra)
The spray of energy hits the crystal guardian.
The crystal guardian is severely damaged.
Casting: Dazzling Spray (safe; 1% risk of failure)
Confirm with . or Enter, or press ? or * to list all spells.
Aiming: Dazzling Spray (safe; 1% risk of failure)
Press: ? - help, Shift-Dir - straight line, f/p - crystal guardian
Aim: a crystal guardian (heavily damaged, umbra)
The spray of energy hits the crystal guardian.
The crystal guardian is severely damaged.
The crystal guardian fires a crystalline bolt at you.
The crystal bolt freezes you!
Ouch! That really hurt!
* * * LOW HITPOINT WARNING * * *
You emit a cloud of dark smoke.
You see here the +1 robe "Uhixea" {-Cast rC+++ Str+8 Int-5}.
You feel much better. The crystal guardian hits you!!
You die...

≈##
############≈≈#+++#
###########≈≈≈....
##.∩.§§§..#≈≈≈≈.##+#
##..§§§§..#≈≈≈≈##.#.
##.§§§§§..#≈≈≈≈#..#.
##.§§§§.⌠.#≈≈####...
##.§8§§∩..#≈##.###'#
##.@§.∩...#≈#..###.#
##.∩.∩....'≈'##.'.<.
##∩.∩.....#≈#..###.#
#▓▓▓▓▓▓▓###≈##.# #+#
##$hh######≈≈### .#$
#[.?#H. ##≈≈≈ .w .
#∩P$+.H#+ +#≈##. .
#(.D#H##.# ≈≈## #
#%.$###○.° ≈≈ ≈


You could see a fire dragon (wandering), a crystal guardian, an oklob plant, 3
manticores and 2 black bears.

Vanquished Creatures
  A deep elf master archer (D)
  A death yak (D)
  2 death drakes (D)
  A yaktaur (D)
  A hornet (D)
  3 slime creatures (D)
  3 polar bears (D)
  Menkaure (D)
  2 swamp drakes (D)
  4 necrophages (D)
  4 worker ants (D)
  3 worms (D)
  A spectral bat (D)
  A spectral giant cockroach (D)
28 creatures vanquished.

Vanquished Creatures (others)
  A crocodile (D)
1 creature vanquished.

Grand Total: 29 creatures vanquished

Notes
Turn   | Place    | Note
-------+----------+-------------------------------------------
     0 | D        | Groucho the Spriggan Enchanter began the quest for the Orb.
     0 | D        | Reached XP level 1. HP: 9/9 MP: 5/5
     1 | D        | Noticed a worker ant
     1 | D        | Noticed a worker ant
     3 | D        | Noticed a worker ant
     3 | D        | Noticed a worker ant
    11 | D        | Killed a worker ant
    11 | D        | Reached skill level 6 in Stealth
    11 | D        | Reached XP level 2. HP: 13/13 MP: 6/8
    12 | D        | Reached skill level 5 in Dodging
    12 | D        | Reached skill level 5 in Hexes
    12 | D        | Reached XP level 3. HP: 16/16 MP: 7/10
    18 | D        | Reached skill level 7 in Stealth
    18 | D        | Reached XP level 4. HP: 21/21 MP: 7/11
    24 | D        | Reached skill level 5 in Spellcasting
    31 | D        | Learned a level 2 spell: Ensorcelled Hibernation
    35 | D        | Learned a level 3 spell: Confuse
    39 | D        | Learned a level 3 spell: Dazzling Spray
    57 | D        | Killed a crocodile
   166 | D        | Learned a level 3 spell: Tukima's Dance
   169 | D        | Noticed a necrophage
   169 | D        | Noticed a necrophage
   169 | D        | Noticed a necrophage
   169 | D        | Noticed a necrophage
   172 | D        | Killed a necrophage
   172 | D        | Reached skill level 5 in Short Blades
   172 | D        | Reached skill level 9 in Stealth
   172 | D        | Reached XP level 5. HP: 24/24 MP: 12/14
   173 | D        | Killed a necrophage
   173 | D        | Reached skill level 10 in Stealth
   173 | D        | Reached XP level 6. HP: 28/28 MP: 13/17
   194 | D        | Reached skill level 11 in Stealth
   423 | D        | Noticed a tyrant leech
   423 | D        | Noticed a tyrant leech
   450 | D        | Found Osoam's Food Emporium.
   450 | D        | Found Ocephes's Magic Scroll Shoppe.
   450 | D        | Found Canaon's Jewellery Shoppe.
   450 | D        | Found Dihaw's Jewellery Emporium.
   451 | D        | Found Xillyriw's Magic Scroll Emporium.
   451 | D        | Found Doxeofid's Gadget Shoppe.
   451 | D        | Found Bemeas's Distillery.
   451 | D        | Found Cuweawis's Antique Weapon Shoppe.
   452 | D        | Found Luregaas's Antique Armour Emporium.
   452 | D        | Found Faanah's Book Shoppe.
   452 | D        | Found Watylips's Gadget Shoppe.
   453 | D        | Found Wicuykir's Jewellery Emporium.
   453 | D        | Noticed Menkaure
   471 | D        | Killed Menkaure
   471 | D        | Reached skill level 10 in Dodging
   471 | D        | Reached XP level 7. HP: 25/32 MP: 13/20
   474 | D        | Found Cysic's Antique Armour Shoppe.
   474 | D        | Found Voecwue's Distillery.
   474 | D        | Noticed a fire dragon
   474 | D        | Noticed an oklob plant
   475 | D        | Found Dish's Distillery.
   475 | D        | Found Veoh's Book Shoppe.
   479 | D        | Noticed a manticore
   479 | D        | Noticed a manticore
   482 | D        | Noticed a manticore
   500 | D        | Bought an uncursed ring of poison resistance for 200 gold
                  | pieces
   502 | D        | Bought an uncursed ring of flight for 245 gold pieces
   508 | D        | Bought a potion of invisibility for 96 gold pieces
   520 | D        | Bought a distressingly furry robe for 102 gold pieces
   524 | D        | Bought a scroll of identify for 22 gold pieces
   526 | D        | Bought a scroll of remove curse for 33 gold pieces
   536 | D        | Identified the +1 robe "Uhixea" {-Cast rC+++ Str+8 Int-5}
                  | (You bought it in a shop in the Dungeon)
   582 | D        | Found a roughly hewn altar of Beogh.
   583 | D        | Found a hazy altar of Hepliaklqana.
   583 | D        | Found a snail-covered altar of Cheibriados.
   584 | D        | Found a stormy altar of Qazlal.
   584 | D        | Found a viscous altar of Jiyva.
   584 | D        | Found a shadowy altar of Dithmenos.
   585 | D        | Found a sacrificial altar of Ru.
   585 | D        | Found an ancient bone altar of Kikubaaqudgha.
   585 | D        | Found a white marble altar of Elyvilon.
   587 | D        | Found an ornate altar of the Wu Jian Council.
   587 | D        | Found a shimmering blue altar of Sif Muna.
   587 | D        | Found a corrupted altar of Lugonu.
   591 | D        | Found a shimmering altar of Xom.
   591 | D        | Found a bloodstained altar of Trog.
   591 | D        | Found a burning altar of Makhleb.
   592 | D        | Found a glowing golden altar of the Shining One.
   592 | D        | Found a basalt altar of Yredelemnul.
   592 | D        | Found a hide-covered altar of Uskayaw.
   594 | D        | Found a glowing silver altar of Zin.
   594 | D        | Found a radiant altar of Vehumet.
   594 | D        | Found a blossoming altar of Fedhas.
   594 | D        | Found a sparkling altar of Nemelex Xobeh.
   594 | D        | Noticed a hornet
   594 | D        | Noticed a polar bear
   595 | D        | Found an opulent altar of Gozag.
   595 | D        | Found an iron altar of Okawaru.
   595 | D        | Noticed a yaktaur
   600 | D        | Became a worshipper of Dithmenos the Shadowed
   607 | D        | Noticed a polar bear
   614 | D        | Killed a polar bear
   614 | D        | Reached skill level 12 in Stealth
   615 | D        | Noticed a polar bear
   616 | D        | Killed a polar bear
   624 | D        | Killed a polar bear
   624 | D        | Reached * piety under Dithmenos
   624 | D        | Reached skill level 10 in Hexes
   624 | D        | Reached XP level 8. HP: 36/36 MP: 20/22
   626 | D        | Killed a hornet
   626 | D        | Reached skill level 10 in Spellcasting
   638 | D        | Killed a yaktaur
   638 | D        | Reached skill level 10 in Short Blades
   638 | D        | Reached skill level 13 in Stealth
   655 | D        | Reached ** piety under Dithmenos
   663 | D        | Noticed a deep elf master archer
   669 | D        | Killed a deep elf master archer
   669 | D        | Reached skill level 15 in Stealth
   669 | D        | Reached XP level 9. HP: 39/39 MP: 23/26
   768 | D        | Reached *** piety under Dithmenos
   768 | D        | Reached skill level 1 in Fighting
   785 | D        | Noticed a death yak
   787 | D        | Killed a death yak
   787 | D        | Reached skill level 16 in Stealth
   787 | D        | Reached XP level 10. HP: 48/48 MP: 27/27
   799 | D        | Noticed a death drake
   803 | D        | Noticed a death drake
   804 | D        | Killed a death drake
   804 | D        | Reached **** piety under Dithmenos
   804 | D        | Reached skill level 15 in Dodging
   809 | D        | Killed a death drake
   869 | D        | Noticed a crystal guardian
   952 | D        | Slain by a crystal guardian

Skill      XL: |  1  2  3  4  5  6  7  8  9 10 |
---------------+-------------------------------+-----
Short Blades   | 3 4 5 6 8 9 11 | 11.8
Dodging        | 4 5 7 8 10 11 13 14 15 | 15.3
Stealth        | 6 7 9 10 11 12 15 16 | 16.8
Spellcasting   | 4 6 7 8 9 12 13 | 13.3
Hexes          | 4 5 6 7 9 10 12 13 | 13.4
Fighting       | 2 4 |  4.1

Action                   |  1- 3 |  4- 6 |  7- 9 | 10-12 || total
-------------------------+-------+-------+-------+-------++-------
Melee: Dagger            |    12 |    24 |    35 |     5 ||    76
 Cast: Confuse           |       |     6 |       |       ||     6
       Dazzling Spray    |       |       |       |    20 ||    20
       Ensorcelled Hiber |       |       |       |     5 ||     5
 Abil: Evoke Flight      |       |       |     1 |       ||     1
  Use: Potion            |     1 |       |     2 |     2 ||     5
       Scroll            |       |       |       |     1 ||     1
 Stab: Sleeping          |     1 |     5 |     7 |     4 ||    17
       Confused          |       |     3 |       |       ||     3
       Invisible         |       |       |     8 |       ||     8
Dodge: Dodged            |    10 |     8 |    16 |    17 ||    51
